 Dungeon Crawl Stone Soup version 0.28.0-45-g0d030f2227 (webtiles) character file.

Game seed: 16218548114589180990

12 MisterFreud the Covert (level 2, -3/29 HPs)
             Began as a Gnoll Delver on May 22, 2022.
             Slain by a mummy (5 damage)
             ... in an ossuary.
             The game lasted 00:01:28 (575 turns).

MisterFreud the Covert (Gnoll Delver)                Turns: 575, Time: 00:01:29

Health: -3/29      AC:  3    Str: 11    XL:     2   Next: 33%
Magic:  2/2        EV: 13    Int:  9    God:
Gold:   0          SH:  0    Dex: 13    Spells: 1/1 levels left

rFire   . . .      SeeInvis .   a - +0 short sword
rCold   . . .      Faith    .   (no shield)
rNeg    . . .      Spirit   .   b - +0 leather armour
rPois   .          Reflect  .   (no helmet)
rElec   .          Harm     .   (no cloak)
rCorr   .          Rampage  .   (no gloves)
Will    .....                   (no boots)
Stlth   ++++......              (no amulet)
HPRegen 0.09/turn               (no ring)
MPRegen 0.08/turn               (no ring)

@: no status effects
A: fangs 1, strong nose, distributed training
a: no special abilities


You were in an ossuary.
You visited 1 branch of the dungeon, and saw 4 of its levels.
You also visited: Ossuary.

Inventory:

Hand Weapons
 a - a +0 short sword (weapon)
Missiles
 d - 4 silver boomerangs (quivered)
Armour
 b - a +0 leather armour (worn)
Wands
 g - a wand of digging (3)
Scrolls
 c - a scroll of fog
 e - a scroll of fear
Potions
 f - a potion of haste


   Skills:
 + Level 6.4 Fighting
 + Level 4.4 Short Blades
 + Level 0.3 Long Blades
 + Level 0.3 Axes
 + Level 0.3 Maces & Flails
 + Level 0.3 Polearms
 + Level 0.3 Staves
 + Level 0.3 Slings
 + Level 0.3 Bows
 + Level 0.3 Crossbows
 + Level 0.3 Throwing
 + Level 0.3 Armour
 + Level 4.4 Dodging
 + Level 9.5 Stealth
 + Level 0.3 Shields
 + Level 0.3 Unarmed Combat
 + Level 0.3 Spellcasting
 + Level 0.2 Conjurations
 + Level 0.2 Hexes
 + Level 0.2 Summonings
 + Level 0.2 Necromancy
 + Level 0.2 Translocations
 + Level 0.2 Transmutations
 + Level 0.2 Fire Magic
 + Level 0.2 Ice Magic
 + Level 0.2 Air Magic
 + Level 0.2 Earth Magic
 + Level 0.2 Poison Magic
 + Level 0.4 Invocations
 + Level 0.3 Evocations


You had one spell level left.
You didn't know any spells.
Your spell library was empty.

Dungeon Overview and Level Annotations

Branches:
Dungeon (6/15)            Ossuary (1/1)
 Temple: D:4-7

Altars:


Innate Abilities, Weirdness & Mutations

You have very sharp teeth.
Your uncanny sense of smell can sniff out nearby items.
Your experience applies equally to all skills.


Message History

The kobold skeleton closely misses you. The orc skeleton closely misses you.
You hit the kobold skeleton.
You destroy the kobold skeleton!
The orc skeleton hits you but does no damage.
You hit the orc skeleton.
You destroy the orc skeleton!
You barely miss the mummy. You hit the mummy.
The mummy is lightly damaged.
You barely miss the mummy. You bite the mummy.
The mummy is moderately damaged.
The mummy hits you but does no damage.
You hit the mummy but do no damage.
The mummy is moderately damaged.
You hit the mummy. Your bite misses the mummy.
The mummy is heavily damaged.
The mummy hits you!
You hit the mummy but do no damage.
The mummy is heavily damaged.
The mummy barely misses you.
You hit the mummy but do no damage.
The mummy is heavily damaged.
You hit the mummy but do no damage. You bite the mummy, but do no damage.
The mummy is heavily damaged.
The mummy misses you.
You hit the mummy.
The mummy is severely damaged.
You hit the mummy. You bite the mummy, but do no damage.
The mummy is severely damaged.
The mummy hits you!
Ouch! That really hurt!
* * * LOW HITPOINT WARNING * * *
You hit the mummy.
The mummy is almost destroyed.
You hit the mummy but do no damage.
The mummy is almost destroyed.
You hit the mummy but do no damage.
The mummy is almost destroyed.
The mummy hits you.
You die...

#...# +...+∆
∆#...#∆∆ #...#
#...# #...#
#...# #.M.#
#.@.# ##'''##
##.....##
####.......####
#W▓...∩.∩...▓W#
####.......####
##.....##
##...## ##▓##


You could see a mummy.

Vanquished Creatures
  A goblin (D:3)
  2 jackals (D:4)
  2 ball pythons
  4 gnoll skeletons (Ossuary)
  2 kobold skeletons (Ossuary)
  3 orc skeletons (Ossuary)
14 creatures vanquished.

Notes
Turn   | Place    | Note
-------+----------+-------------------------------------------
     0 | D:5      | Reached skill level 9 in Stealth
     0 | D:5      | MisterFreud the Gnoll Delver began the quest for the Orb.
     0 | D:5      | Reached XP level 1. HP: 23/23 MP: 1/1
    45 | D:4      | Noticed an orc wizard
    92 | D:4      | Noticed an orc priest
   110 | D:4      | Found a sand-covered staircase.
   115 | Ossuary  | Entered an ossuary
   115 | Ossuary  | Noticed a wraith
   115 | Ossuary  | Noticed a wraith
   115 | Ossuary  | Noticed a wraith
   370 | Ossuary  | Reached XP level 2. HP: 23/29 MP: 2/2
   575 | Ossuary  | Slain by a mummy

Illustrated notes

Levels and vault maps discovered:
D:3:      layout_rooms, serial_curves, eino_curves_01, eino_curves_03
D:4:      layout_basic, enter_ossuary_5, gammafunk_ghost_arena,
          minmay_box_of_dots, uniq_pikel
D:5:      layout_rooms, minmay_ogre_servants
D:6:      layout_basic
Ossuary:  ossuary_due_mausoleum

Skill      XL: | |
---------------+-+-----
Stealth        | |  9.5
Fighting       | |  6.4
Short Blades   | |  4.4
Long Blades    | |  0.3
Axes           | |  0.3
Maces & Flails | |  0.3
Polearms       | |  0.3
Staves         | |  0.3
Slings         | |  0.3
Bows           | |  0.3
Crossbows      | |  0.3
Throwing       | |  0.3
Armour         | |  0.3
Dodging        | |  4.4
Shields        | |  0.3
Unarmed Combat | |  0.3
Spellcasting   | |  0.3
Conjurations   | |  0.2
Hexes          | |  0.2
Summonings     | |  0.2
Necromancy     | |  0.2
Translocations | |  0.2
Transmutations | |  0.2
Fire Magic     | |  0.2
Ice Magic      | |  0.2
Air Magic      | |  0.2
Earth Magic    | |  0.2
Poison Magic   | |  0.2
Invocations    | |  0.4
Evocations     | |  0.3

Action                   || total
-------------------------++-------
Melee: Short sword       ||    65
       Bite              ||    11
       Punch             ||     1
  Use: Scroll            ||     1
 Stab: Sleeping          ||     3
Armor: Leather armour    ||    17
Dodge: Dodged            ||    42
